 Dungeon Crawl Stone Soup version 0.31.0-11-ge490571c62 (webtiles) character file.

Game seed: 3327423311668710783

564 qw the Skirmisher (level 7, -9/40 HPs)
             Began as a Deep Elf Hunter on Feb 4, 2024.
             Mangled by a troll (11 damage)
             ... on level 5 of the Dungeon.
             The game lasted 00:00:21 (4040 turns).

qw the Skirmisher (Deep Elf Hunter)                 Turns: 4040, Time: 00:00:21

Health: -9/40      AC: 12    Str: 10    XL:     7   Next: 10%
Magic:  9/9        EV: 13    Int: 14    God:
Gold:   258        SH:  0    Dex: 24    Spells: 6/6 levels left

rFire   . . .        a - +0 shortbow
rCold   . . .        (shield currently unavailable)
rNeg    . . .        d - quicksilver dragon scales
rPois   .            b - +1 helmet
rElec   .            (no cloak)
rCorr   .            e - +0 pair of gloves
SInv    +            (no boots)
Will    +....        (no amulet)
Stlth   ++           c - +6 ring of dexterity
HPRegen 0.26/turn    g - ring of see invisible
MPRegen 0.11/turn

%: no passive effects
@: no status effects
A: no striking features
a: no special abilities


You were on level 5 of the Dungeon.
You visited 1 branch of the dungeon, and saw 5 of its levels.

You collected 258 gold pieces.


   Skills:
 - Level 2.0 Fighting
 + Level 10.0 Ranged Weapons
 - Level 1.1 Armour
 - Level 4.4 Dodging
 - Level 1.2 Stealth


You had 6 spell levels left.
You didn't know any spells.
Your spell library was empty.

Inventory:

Hand Weapons
 a - a +0 shortbow (weapon)
Armour
 b - a +1 helmet (worn)
 d - quicksilver dragon scales (worn)
 e - a +0 pair of gloves (worn)
Jewellery
 c - a +6 ring of dexterity (left hand)
 g - a ring of see invisible (right hand)
 Y - a ring of positive energy
Wands
 h - a wand of charming (9)
 i - a wand of flame (17)
 l - a wand of polymorph (6)
Scrolls
 j - 2 scrolls of identify
Potions
 f - a potion of resistance
 k - a potion of curing

Dungeon Overview and Level Annotations

Branches:
Dungeon (5/15)
 Temple: D:4-7

Altars:
Ashenzari
Fedhas
Gozag
Makhleb

Shops:
D:1 =


Message History

A troll comes into view.
You shoot an arrow. The arrow hits the troll!
The troll shouts!
The troll is moderately wounded.
You shoot an arrow. The arrow closely misses the troll.
You shoot an arrow. The arrow hits the troll.
The troll is moderately wounded.
You shoot an arrow. The arrow hits the troll.
The troll is heavily wounded.
You shoot an arrow. The arrow hits the troll.
The troll is heavily wounded.
You shoot an arrow.
The arrow hits the troll but does no damage.
The troll is heavily wounded.
You shoot an arrow. The arrow hits the troll.
The troll is heavily wounded.
The troll closely misses you.
The troll claws you but does no damage. x2
You shoot an arrow. The arrow closely misses the troll.
The troll bites you but does no damage. The troll claws you.
The troll closely misses you.
You shoot an arrow.
The arrow hits the troll but does no damage.
The troll is heavily wounded.
The troll bites you! The troll claws you but does no damage.
The troll claws you.
You shoot an arrow. The arrow hits the troll!
The troll is severely wounded.
The troll bites you. The troll claws you!
The troll claws you but does no damage.
You shoot an arrow. The arrow hits the troll.
The troll is severely wounded.
The troll misses you. The troll barely misses you. The troll claws you.
You shoot an arrow. The arrow hits the troll.
The troll is almost dead.
The troll barely misses you. The troll closely misses you.
The troll claws you but does no damage.
You shoot an arrow. The arrow completely misses the troll.
The troll closely misses you. The troll claws you but does no damage.
The troll claws you!
You die...

.......
..##### # #
#:##### ###
.. #......
##.. ...
####### ..#
.... #
#.##..... #
#@T...<.. #
#.##.###. #
#.# . #.#
##.## ####
#.# #... #...
#.# #..# #.##
#.# #..# #
#.# #..# # #.
#.###..####.#
#.#


You could see a troll.

Vanquished Creatures
  Blork the orc (D:5)
  2 scorpions
  A bombardier beetle (D:5)
  2 orc priests (D:4)
  2 iguanas
  Ijyb (D:4)
  An orc wizard (D:3)
  Robin (D:2)
  5 adders
  A shadow imp (D:5)
  4 ribbon worms
  2 dart slugs
  9 orcs
  7 ball pythons
  8 endoplasms
  3 giant cockroaches
  13 goblins
  19 hobgoblins
  4 quokkas
  4 bats
  3 frilled lizards
  12 kobolds
  7 rats
112 creatures vanquished.

Notes
Turn   | Place    | Note
-------+----------+-------------------------------------------
     0 | D:1      | qw the Deep Elf Hunter began the quest for the Orb.
     0 | D:1      | Reached XP level 1. HP: 12/12 MP: 3/3
     0 | D:1      | 0 ||| qw: Version: 0.3-a-160-g6735b56
     0 | D:1      | 0 ||| qw: Game counter: 4365
     0 | D:1      | 0 ||| qw: Melee chars always use a shield: true
     0 | D:1      | 0 ||| qw: God list: Okawaru
     0 | D:1      | 0 ||| qw: Allow faded altars: false
     0 | D:1      | 0 ||| qw: Do Orc after clearing Dungeon:15 true
     0 | D:1      | 0 ||| qw: Do second Lair branch before Depths: true
     0 | D:1      | 0 ||| qw: Lair rune preference: random
     0 | D:1      | 0 ||| qw: Goals: Normal
     0 | D:1      | 0 ||| PLANNING D:1-11
    40 | D:1      | Found Came's Jewellery Emporium.
    46 | D:1      | 46 ||| SHOPLISTING +4 ring of protection (468 gold, have
                  | 0).
    46 | D:1      | 46 ||| SHOPLISTING amulet "Caplo" {Spirit Rampage rF- rCorr
                  | Str+5} (599 gold, have 0).
    46 | D:1      | 46 ||| SHOPLISTING amulet of guardian spirit (390 gold,
                  | have 0).
    46 | D:1      | 46 ||| SHOPLISTING amulet of reflection (390 gold, have 0).
    46 | D:1      | 46 ||| SHOPLISTING amulet of the acrobat (390 gold, have
                  | 0).
    46 | D:1      | 46 ||| SHOPLISTING ring "Dunuon" {MP-9 Str+5 Dex+6} (468
                  | gold, have 0).
    46 | D:1      | 46 ||| SHOPLISTING ring of positive energy (260 gold, have
                  | 0).
    46 | D:1      | 46 ||| SHOPLISTING ring of protection from cold (325 gold,
                  | have 0).
   143 | D:1      | Reached XP level 2. HP: 16/16 MP: 4/4
   174 | D:1      | Reached skill level 6 in Ranged Weapons
   822 | D:1      | 822 ||| UPGRADING to quicksilver dragon scales.
   832 | D:1      | 832 ||| DROPPING +0 leather armour.
   833 | D:1      | 833 ||| UPGRADING to +0 pair of gloves.
   838 | D:1      | 838 ||| READING scroll labelled ISAXTOU WOAHAS.
   839 | D:1      | 839 ||| DROPPING scroll of butterflies.
   908 | D:2      | Noticed Robin
   909 | D:2      | 909 ||| RETREEEEATING.
   911 | D:2      | 911 ||| RETREEEEATING.
   916 | D:2      | Reached XP level 3. HP: 20/20 MP: 5/5
   926 | D:2      | Killed Robin
   927 | D:2      | Reached skill level 7 in Ranged Weapons
  1098 | D:2      | Reached skill level 1 in Armour
  1142 | D:2      | Reached XP level 4. HP: 25/25 MP: 6/6
  1736 | D:2      | 1736 ||| UPGRADING to +1 helmet.
  1741 | D:2      | 1741 ||| UPGRADING to ring of positive energy.
  1742 | D:2      | 1742 ||| UPGRADING to ring of positive energy.
  1743 | D:2      | 1743 ||| READING 2 scrolls labelled UQA VUBROUFAUC.
  1744 | D:2      | 1744 ||| READING scroll labelled INAAZO XOFF.
  1745 | D:2      | 1745 ||| DROPPING scroll of poison.
  1747 | D:2      | 1747 ||| Stepping ~*~*~tactically~*~*~ (cloud).
  1750 | D:2      | HP: 6/25 [poisoned by you (poison gas)]
  1754 | D:2      | HP: 2/25 [poisoned by you (poison gas)]
  1944 | D:3      | Noticed a scorpion
  1946 | D:3      | 1946 ||| ZAPPING wand of flame (23) at -2,-1 (scorpion;
                  | floor).
  1947 | D:3      | 1947 ||| ZAPPING wand of flame (22) at -1,-1 (scorpion;
                  | floor).
  1948 | D:3      | 1948 ||| ZAPPING wand of flame (21) at -1,-1 (scorpion;
                  | floor).
  1949 | D:3      | 1949 ||| ZAPPING wand of flame (20) at -1,-1 (scorpion;
                  | floor).
  1950 | D:3      | 1950 ||| ZAPPING wand of flame (19) at -1,-1 (scorpion;
                  | floor).
  1951 | D:3      | 1951 ||| ZAPPING wand of flame (18) at -1,-1 (scorpion;
                  | floor).
  1951 | D:3      | Killed a scorpion
  1952 | D:3      | Reached skill level 8 in Ranged Weapons
  1952 | D:3      | Reached XP level 5. HP: 29/29 MP: 7/7
  1964 | D:3      | Found a faded altar of an unknown god.
  1999 | D:3      | Found a burning altar of Makhleb.
  2057 | D:3      | 2057 ||| FLEEEEING.
  2058 | D:3      | 2058 ||| FLEEEEING.
  2059 | D:3      | 2059 ||| FLEEEEING.
  2063 | D:3      | 2063 ||| FLEEEEING.
  2064 | D:3      | 2064 ||| FLEEEEING.
  2246 | D:3      | Found an opulent altar of Gozag.
  2667 | D:3      | 2667 ||| UPGRADING to ring of see invisible.
  2669 | D:3      | 2669 ||| READING 4 scrolls labelled YJUYS DIFE.
  2669 | D:3      | 2669 ||| IDENTIFYING bubbling cyan potion
  2670 | D:3      | 2670 ||| READING 3 scrolls of identify.
  2670 | D:3      | 2670 ||| IDENTIFYING bubbling green potion
  2671 | D:3      | 2671 ||| READING 2 scrolls of identify.
  2671 | D:3      | 2671 ||| IDENTIFYING 2 puce potions
  2672 | D:3      | 2672 ||| READING scroll of identify.
  2672 | D:3      | 2672 ||| IDENTIFYING 2 pink potions
  2673 | D:3      | 2673 ||| DROPPING 2 potions of degeneration.
  2674 | D:3      | 2674 ||| DROPPING potion of magic.
  2718 | D:4      | 2718 ||| STAIRDANCE
  2722 | D:4      | 2722 ||| STAIRDANCE
  2791 | D:4      | Reached skill level 9 in Ranged Weapons
  2881 | D:4      | Noticed Ijyb
  2896 | D:4      | 2896 ||| DRINKING potion of curing.
  2896 | D:4      | 2896 ||| (to cure confusion)
  2910 | D:4      | Killed Ijyb
  2911 | D:4      | Reached XP level 6. HP: 30/35 MP: 8/8
  2920 | D:4      | HP: 7/35 [orc/+0 flail (2)]
  2921 | D:4      | 2921 ||| DRINKING 2 potions of heal wounds.
  2934 | D:4      | 2934 ||| FLEEEEING.
  2935 | D:4      | 2935 ||| FLEEEEING.
  2936 | D:4      | 2936 ||| FLEEEEING.
  2937 | D:4      | 2937 ||| FLEEEEING.
  2938 | D:4      | 2938 ||| FLEEEEING.
  2940 | D:4      | 2940 ||| FLEEEEING.
  2941 | D:4      | 2941 ||| FLEEEEING.
  2942 | D:4      | 2942 ||| FLEEEEING.
  2943 | D:4      | 2943 ||| FLEEEEING.
  2944 | D:4      | 2944 ||| FLEEEEING.
  2945 | D:4      | 2945 ||| FLEEEEING.
  2947 | D:4      | 2947 ||| FLEEEEING.
  2948 | D:4      | 2948 ||| FLEEEEING.
  2949 | D:4      | 2949 ||| FLEEEEING.
  2950 | D:4      | 2950 ||| FLEEEEING.
  2951 | D:4      | 2951 ||| FLEEEEING.
  2952 | D:4      | 2952 ||| FLEEEEING.
  2953 | D:4      | 2953 ||| FLEEEEING.
  2954 | D:4      | 2954 ||| FLEEEEING.
  2955 | D:4      | 2955 ||| FLEEEEING.
  2956 | D:4      | 2956 ||| STAIRDANCE
  2982 | D:3      | 2982 ||| UPGRADING to +6 ring of dexterity.
  2984 | D:3      | 2984 ||| DROPPING ring of positive energy.
  3051 | D:4      | 3051 ||| FLEEEEING.
  3052 | D:4      | 3052 ||| FLEEEEING.
  3053 | D:4      | 3053 ||| FLEEEEING.
  3054 | D:4      | 3054 ||| FLEEEEING.
  3055 | D:4      | 3055 ||| FLEEEEING.
  3057 | D:4      | 3057 ||| FLEEEEING.
  3058 | D:4      | 3058 ||| FLEEEEING.
  3059 | D:4      | 3059 ||| FLEEEEING.
  3060 | D:4      | 3060 ||| FLEEEEING.
  3061 | D:4      | 3061 ||| FLEEEEING.
  3062 | D:4      | 3062 ||| FLEEEEING.
  3063 | D:4      | 3063 ||| FLEEEEING.
  3064 | D:4      | 3064 ||| FLEEEEING.
  3066 | D:4      | 3066 ||| FLEEEEING.
  3077 | D:4      | Reached skill level 3 in Dodging
  3082 | D:4      | HP: 3/35 [orc priest/divine providence (13)]
  3083 | D:4      | 3083 ||| DRINKING potion of heal wounds.
  3437 | D:4      | Found a broken altar of Ashenzari.
  3676 | D:4      | 3676 ||| READING scroll of identify.
  3676 | D:4      | 3676 ||| IDENTIFYING metallic green potion
  3677 | D:4      | 3677 ||| READING scroll labelled BYOD EKLUM.
  3826 | D:5      | Entered Level 5 of the Dungeon
  3836 | D:5      | Reached skill level 10 in Ranged Weapons
  3959 | D:5      | Noticed Blork the orc
  3966 | D:5      | Killed Blork the orc
  3967 | D:5      | Reached XP level 7. HP: 40/40 MP: 9/9
  4010 | D:5      | Found a blossoming altar of Fedhas.
  4027 | D:5      | Noticed a troll
  4037 | D:5      | HP: 5/40 [troll (8)]
  4038 | D:5      | HP: 2/40 [troll (4)]
  4040 | D:5      | Mangled by a troll

Levels and vault maps discovered:
D:1:      heliophobic_arrival_glass_houses, layout_basic, serial_shops, shop,
          hangedman_decor_clover_reticule
D:2:      minmay_diamond_boxcup, layout_loops_corners, grunt_decor_cap,
          uniq_robin
D:3:      layout_basic, nicolae_overflow_hidden_temple,
          mainiacjoe_overflow_paths, chequers_ecumenical_altar_island,
          hangedman_decor_growths
D:4:      cheibrodos_pilgrimage, layout_rooms, ashenzari_conservatory_becter,
          minmay_misc_feat_chi, minmay_misc_feat_pillars, hex_large,
          serial_library_regret_index_small_wings, minmay_misc_feat_iff,
          nicolae_concentric_dashed_squares_wild, uniq_ijyb
D:5:      layout_loops_ring, amcnicky_altar_gilded,
          mainiacjoe_overflow_surrounded_room, old_standard_altar,
          minmay_temple_entry_statues_pillars, kennysheep_generic_room_7,
          uniq_blork_the_orc

Skill      XL: |  1  2  3  4  5  6 |
---------------+-------------------+-----
Ranged Weapons | 6 7 8 9 10 | 10.0
Armour         | 1 |  1.1
Fighting       | 2 |  2.0
Dodging        | 4 |  4.4
Stealth        | |  1.2

Action                     |  1- 3 |  4- 6 |  7- 9 || total
---------------------------+-------+-------+-------++-------
   Fire: Shortbow          |   100 |   305 |    13 ||   418
  Evoke: Wand              |       |     6 |       ||     6
    Use: Scroll            |     1 |     8 |       ||     9
         Potion            |       |     3 |       ||     3
 Armour: Leather armour    |    11 |       |       ||    11
         Quicksilver drago |    12 |   159 |    14 ||   185
  Dodge: Dodged            |    31 |   114 |     7 ||   152

Table legend:
 A = Non-vault XP
 B = Vault XP
 C = Vault XP percentage of total XP
 D = Non-vault monster count
 E = Vault monster count
 F = Vault count percentage of total count
                 A         B        C        D         E       F
            +---------+---------+-------+---------+---------+-------
      Total |     539 |     268 |  33.2 |      85 |      27 |  24.1
            +---------+---------+-------+---------+---------+-------
        D:1 |      37 |       0 |   0.0 |      24 |       0 |   0.0
        D:2 |      54 |      51 |  48.6 |      17 |      20 |  54.1
        D:3 |     172 |       0 |   0.0 |      21 |       0 |   0.0
        D:4 |     182 |     127 |  41.1 |      20 |       6 |  23.1
        D:5 |      94 |      90 |  48.9 |       3 |       1 |  25.0
            +---------+---------+-------+---------+---------+-------
